 Dungeon Crawl Stone Soup version 0.29.1-2-gbd0b4ee654 (webtiles) character file.

Game seed: 14865195343810288729

20 CryoSword the Chopper (level 2, 0/24 HPs)
             Began as a Ghoul Warper on Nov 7, 2022.
             Slain by a quokka (2 damage)
             ... on level 1 of the Dungeon.
             The game lasted 00:00:54 (384 turns).

CryoSword the Chopper (Ghoul Warper)                 Turns: 384, Time: 00:00:55

Health: 0/24       AC:  3    Str: 14    XL:     2   Next: 79%
Magic:  3/3        EV: 11    Int:  8    God:
Gold:   47         SH:  0    Dex:  8    Spells: 2/4 levels left

rFire   . . .      SeeInvis .   a - +0 hand axe
rCold   + . .      Faith    .   (no shield)
rNeg    + + +      Spirit   .   b - +0 leather armour
rPois   ∞          Reflect  .   (no helmet)
rElec   .          Harm     .   (no cloak)
rCorr   .          Rampage  .   (no gloves)
Will    .....                   (no boots)
Stlth   +.........              (no amulet)
HPRegen 0.00/turn               (no ring)
MPRegen 0.08/turn               (no ring)

@: inhibited regen
A: claws 1, cold resistance 1, negative energy resistance 3, inhibited
regeneration, torment resistance 2, devour on kill
a: no special abilities


You were on level 1 of the Dungeon.
You visited 1 branch of the dungeon, and saw 1 of its levels.

You collected 47 gold pieces.

Inventory:

Hand Weapons
 a - a +0 hand axe (weapon)
Missiles
 d - 7 boomerangs of dispersal (quivered) {!f}
 f - 3 poisoned darts
Armour
 b - a +0 leather armour (worn)
Scrolls
 e - a scroll of identify {unknown}
 g - a scroll of poison {unknown}
 h - a scroll of fog {unknown}
Potions
 i - 2 potions of curing {unknown}


   Skills:
 - Level 2.1 Fighting
 + Level 2.9 Axes
 - Level 0.8 Throwing
 - Level 0.8 Armour
 - Level 1.7 Dodging
 - Level 1.7 Spellcasting
 - Level 2.6 Translocations


You had 2 spell levels left.
You knew the following spells:

 Your Spells              Type           Power      Damage    Failure   Level
B - Blink                 Tloc           10%        N/A       22%         2

Your spell library contained the following spells:

 Spells                   Type           Power      Damage    Failure   Level
 Gell's Gravitas          Tloc           5%         N/A       41%         3
 Lesser Beckoning         Tloc           5%         N/A       41%         3
 Teleport Other           Tloc           5%         N/A       41%         3
 Manifold Assault         Tloc           5%         N/A       99%         5


Dungeon Overview and Level Annotations

Branches:
Dungeon (1/15)

Altars:


Innate Abilities, Weirdness & Mutations

You are immune to poison.
You have sharp fingernails.
Your flesh is cold resistant. (rC+)
You are immune to negative energy. (rN+++)
You do not regenerate when monsters are visible.
You are immune to unholy pain and torment.
You thrive by killing the living.


Message History

You completely miss the dart slug. The dart slug completely misses you.
You hit the dart slug. The dart slug launches a dart at you.
The slug dart misses you.
You hit the dart slug.
You kill the dart slug!
You feel better.
You don't know any spells.
Memorise Blink, consuming 2 spell levels and leaving 2?
You start memorising the spell.
You continue memorising. x2
You finish memorising.
Spell assigned to 'B'.
Okay, then.
You now have 13 gold pieces (gained 2).
Found 9 stones.
There is a stone staircase leading down here.
A hobgoblin comes into view.
The hobgoblin shouts!
An endoplasm comes into view.
There are monsters nearby!
There are monsters nearby!
There are monsters nearby!
Found 11 gold pieces.
The endoplasm quivers.
Found 3 poisoned darts.
The hobgoblin hits you.
You hit the hobgoblin. You hit the endoplasm. The hobgoblin barely misses you.
The endoplasm closely misses you.
You hit the hobgoblin but do no damage. You barely miss the endoplasm.
The hobgoblin barely misses you. The endoplasm closely misses you.
You hit the hobgoblin.
You kill the hobgoblin!
You feel better.
You hit the endoplasm. The endoplasm misses you.
You hit the endoplasm but do no damage.
The endoplasm hits you but does no damage.
You hit the endoplasm but do no damage. The endoplasm misses you.
You hit the endoplasm but do no damage.
The endoplasm hits you but does no damage.
You hit the endoplasm.
You kill the endoplasm!
No target in view!
You now have 24 gold pieces (gained 11).
f - 3 poisoned darts A giant cockroach comes into view.
A giant cockroach is nearby!
A giant cockroach is nearby!
A giant cockroach is nearby!
A kobold comes into view. It is wielding a +0 dagger.
The kobold shouts!
The giant cockroach barely misses you. x2
You barely miss the giant cockroach.
The giant cockroach bites you but does no damage.
You hit the giant cockroach but do no damage.
The giant cockroach completely misses you.
You barely miss the giant cockroach. You barely miss the kobold.
The giant cockroach bites you but does no damage.
The kobold hits you but does no damage. The giant cockroach closely misses you.
You barely miss the giant cockroach. You hit the kobold.
The giant cockroach closely misses you. The kobold hits you but does no damage.
You barely miss the kobold.
You completely miss the giant cockroach.
The giant cockroach bites you. The kobold closely misses you.
The giant cockroach bites you but does no damage.
You hit the kobold. You barely miss the giant cockroach.
The kobold hits you but does no damage.
The giant cockroach bites you but does no damage.
The kobold misses you.
You completely miss the kobold.
You hit the giant cockroach but do no damage.
The giant cockroach barely misses you. The kobold hits you with a +0 dagger.
The giant cockroach bites you.
You barely miss the kobold.
You completely miss the giant cockroach.
The giant cockroach bites you but does no damage.
The kobold barely misses you.
You hit the kobold but do no damage. You hit the giant cockroach.
The giant cockroach bites you but does no damage.
The kobold hits you but does no damage.
You hit the giant cockroach.
You kill the giant cockroach!
You hit the kobold but do no damage. The kobold hits you but does no damage.
You hit the kobold.
You kill the kobold!
No target in view!
Things that are here:
a +0 dagger; a kobold corpse
Found a stone staircase leading down.
g - a scroll labelled CYW EQANLI
Found 4 stones.
Found an escape hatch in the floor.
You now have 29 gold pieces (gained 5).
h - a scroll labelled TEZIUS ZUZOAPY
i - 2 green potions You now have 35 gold pieces (gained 6).
You now have 47 gold pieces (gained 12).
Found 4 stones.
A goblin and a rat come into view.
Found 16 gold pieces.
The goblin shouts!
You hear a shout!
A bat comes into view.
A rat comes into view.
A ball python comes into view.
A quokka comes into view.
Found 10 gold pieces.
The bat closely misses you.
A hobgoblin comes into view.
The bat closely misses you. x2; The goblin closely misses you.
The bat hits you but does no damage.
You hit the goblin. You hit the rat but do no damage. You hit the bat.
The bat hits you but does no damage.
A rat comes into view.
The rat barely misses you. The goblin hits you with a +0 club.
The rat bites you. The goblin hits you with a +0 club.
The rat bites you but does no damage.
The rat moves out of view.
You closely miss the goblin. You barely miss the ball python. You hit the rat.
You closely miss the rat. The ball python barely misses you.
The ball python closely misses you. The bat completely misses you.
The rat bites you but does no damage. The goblin hits you with a +0 club.
The rat misses you.
The ball python bites you but does no damage.
The ball python grabs you. The ball python constricts you.
You closely miss the ball python. You hit the bat.
You kill the bat!
You barely miss the goblin. You hit the rat.
You kill the rat!
You hit the rat.
You kill the rat!
You feel better.
The ball python bites you but does no damage.
The ball python constricts you. The goblin hits you with a +0 club.
* * * LOW HITPOINT WARNING * * *
You hit the ball python.
You kill the ball python!
You hit the goblin. You hit the quokka. The quokka barely misses you.
The goblin barely misses you.
You hit the hobgoblin. You miss the goblin. You barely miss the quokka.
The quokka barely misses you. The hobgoblin hits you.
* * * LOW HITPOINT WARNING * * *
The goblin hits you with a +0 club.
* * * LOW HITPOINT WARNING * * *
The quokka bites you.
* * * LOW HITPOINT WARNING * * *
You barely miss the hobgoblin. You barely miss the quokka.
You barely miss the goblin. The hobgoblin hits you.
* * * LOW HITPOINT WARNING * * *
The goblin barely misses you. The quokka bites you.
* * * LOW HITPOINT WARNING * * *
Blink to where?
As you read the scroll of blinking, it crumbles to dust.
You see here a giant cockroach corpse.
The quokka twitches its whiskers.
You hit the quokka but do no damage. The quokka closely misses you.
You hit the quokka. The quokka misses you. The quokka bites you.
You die...

#...#.# #................
# #...#.#
#...r.....#####.. #
#...#.# #.........# ## ##
#...#.# ###.......# .#
#...#.# #g......#
.###...#.# #.......#
..##...#.# ##.......#
#.##.....# #r.......#
#......### ##@.......#
.......########.........#
##............#.....(...#
#.....######>.....(....#
#.....# #...#.........#
####### #...#.........#
###########...#.........#
..............##########
###############


You could see a quokka, a hobgoblin and a rat.

Vanquished Creatures
  A dart slug (D:1)
  2 endoplasms (D:1)
  A giant cockroach (D:1)
  A hobgoblin (D:1)
  4 jackals (D:1)
  A kobold (D:1)
  2 ball pythons (D:1)
  A bat (D:1)
  A frilled lizard (D:1)
  2 rats (D:1)
16 creatures vanquished.

Vanquished Creatures (others)
  2 gargoyles (D:1)
  A vine stalker (D:1)
  An elf (D:1)
  A troll (D:1)
  A merfolk (D:1)
  A vampire (D:1)
  A spriggan (D:1)
  An ogre (D:1)
  A felid (D:1)
  A mummy (D:1)
  An orc (D:1)
  4 tentacles (D:1)
16 creatures vanquished.

Grand Total: 32 creatures vanquished

Notes
Turn   | Place    | Note
-------+----------+-------------------------------------------
     0 | D:1      | CryoSword the Ghoul Warper began the quest for the Orb.
     0 | D:1      | Reached XP level 1. HP: 17/17 MP: 2/2
     0 | D:1      | Noticed a troll
     0 | D:1      | Noticed a gargoyle
     0 | D:1      | Noticed an ogre
     0 | D:1      | Noticed a merfolk
     0 | D:1      | Noticed a gargoyle
     0 | D:1      | Noticed a vampire
     0 | D:1      | Noticed a kraken
     0 | D:1      | Noticed a spriggan
     0 | D:1      | Noticed a vine stalker
     0 | D:1      | Noticed a felid
     0 | D:1      | Noticed an elf
     3 | D:1      | Killed a vampire
     7 | D:1      | Killed a vine stalker
     9 | D:1      | Killed a troll
    12 | D:1      | Killed a merfolk
    13 | D:1      | Killed a gargoyle
    17 | D:1      | Killed a gargoyle
    18 | D:1      | Killed a felid
    19 | D:1      | Killed an ogre
    20 | D:1      | Killed a spriggan
    20 | D:1      | Killed an elf
    61 | D:1      | Reached XP level 2. HP: 8/24 MP: 3/3
    84 | D:1      | Learned a level 2 spell: Blink
   384 | D:1      | Slain by a quokka

Illustrated notes

Levels and vault maps discovered:
D:1:      nicolae_arrival_kraken_aquarium_a, layout_basic,
          chequers_ecumenical_altar_island

Skill      XL: |  1 |
---------------+----+-----
Axes           | 2 |  2.9
Fighting       | |  2.1
Throwing       | |  0.8
Armour         | |  0.8
Dodging        | |  1.7
Spellcasting   | |  1.7
Translocations | |  2.6

Action                   || total
-------------------------++-------
Melee: Hand axe          ||    47
  Use: Scroll            ||     1
Armor: Leather armour    ||    22
Dodge: Dodged            ||    42
